[Event "Late-Titled-Tuesday-Blitz-December-26-2023"]
[Site "Chess.com"]
[Date "2023.12.26"]
[Round "2"]
[White "marvinguevara"]
[Black "dodoucb"]
[Result "1-0"]
[WhiteElo "2239"]
[BlackElo "2463"]
[TimeControl "180+1"]
[EndTime "14:17:45 PST"]
[Termination "marvinguevara won by resignation"]

1. e4 c6 2. d4 d5 3. e5 Bf5 4.
h4 h5 5. Bd3 Bxd3 6. Qxd3 e6 7.
Nf3 c5 8. Nc3 Nc6 9. Bg5 Qb6 10.
dxc5 Bxc5 11. O-O Qxb2 12. Rab1 Qa3 13. Rxb7 Nge7 14. Rfb1 O-O 15. R1b3 Nb4 16. R7xb4 Bxb4 17. Rxa3 Bxa3 18. Nb5 Bc5 19. Be3 Bxe3 20. Qxe3 Rfc8 21. Nd6 Rxc2 22. Qg5 Ng6 23. Qxh5 Rb8 24. Nxf7 Rb1+ 25. Kh2 Nf4 26. Qg4 Rb4 27. Qg3 Kxf7 28. Ng5+ Ke7 29.
Qa3 Rb2 30. Qxa7+ Rb7 31. Qc5+ Kd7 32. Qd6+ Kc8 33. Nxe6 Nxe6 34. Qxe6+ Kb8 35. Qxd5 Rxf2 36. Qd8+ Ka7 37. Qd4+ 1-0

[Event "Late-Titled-Tuesday-Blitz-December-26-2023"]
[Site "Chess.com"]
[Date "2023.12.26"]
[Round "2"]
[White "adricalderon8"]
[Black "MasterofMasters2006"]
[Result "1-0"]
[WhiteElo "2435"]
[BlackElo "2066"]
[TimeControl "180+1"]
[EndTime "14:17:45 PST"]
[Termination "adricalderon8 won by checkmate"]

1. e4 e5 2. Nf3 Nc6 3. Nc3 Nf6 4.
d4 exd4 5. Nxd4 Bb4 6. Nxc6 bxc6 7. Bd3 O-O 8. O-O d5 9. Bd2 a5 10. Re1 Re8 11. a3 Bf8 12. h3 Ba6 13. exd5 Bxd3 14.
cxd3 cxd5 15. Qa4 Rxe1+ 16. Rxe1 Qd6 17. Nb5 Qb6 18. Bc3 c6 19. Nd4 Bc5 20. Re2 Nh5 21. Qxc6 Qxc6 22. Nxc6 Nf4 23. Rd2 h6 24. Nxa5 d4 25.
Bb4 Bxb4 26. axb4 Rb8 27. Nc6 Rb6 28. Nxd4 Rxb4 29. Ne2 Ne6 30. d4 Nc7 31. d5 Nxd5 32.
Rxd5 Rxb2 33. Nc3 Rc2 34. Rd3 Rc1+ 35. Kh2 Rc2 36. f4 Rb2 37. Kg3 Rc2 38. Kf3 Rb2 39. Ne4 Rb6 40. f5 Rc6 41. g4 Rb6 42. Kf4 Rc6 43. h4 Rc4 44. g5 Ra4 45. f6 hxg5+ 46. hxg5 gxf6 47. gxf6 Kh7 48. Rg3 Rc4 49. Rg7+ Kh6 50.
Rxf7 Rc6 51. Kf5 Rc1 52. Rg7 Rf1+ 53. Ke6 Re1 54. Ke5 Rf1 55. Rg2 Re1 56. f7 Rf1 57.
Rf2 Rxf2 58. Nxf2 Kg7 59. Ke6 Kf8 60. Nd1 Kg7 61. Ke7 Kg6 62. f8=Q Kh5 63. Qg7 Kh4 64.
Ne3 Kh3 65. Nf1 Kh4 66. Qg6 Kh3 67. Qg3# 1-0

[Event "Late-Titled-Tuesday-Blitz-December-26-2023"]
[Site "Chess.com"]
[Date "2023.12.26"]
[Round "2"]
[White "Bala-Afiada"]
[Black "Flaccidmoves"]
[Result "0-1"]
[WhiteElo "2015"]
[BlackElo "2413"]
[TimeControl "180+1"]
[EndTime "14:17:45 PST"]
[Termination "Flaccidmoves won by resignation"]

1. d4 g6 2. c4 Bg7 3. Nc3 c5 4. d5 Bxc3+ 5. bxc3 f5 6. f3 Nf6 7. Qc2 Qa5 8. Bd2 d6 9. e4 Nbd7 10. Bd3 Ne5 11. Ne2 O-O 12. O-O fxe4 13. fxe4 Bd7 14.
Bh6 Rf7 15. Nf4 Nfg4 16. Bg5 Ne3 17. Qd2 Nxf1 18. Rxf1 Raf8 19. Bh6 Re8 20. Ne6 Rxf1+ 21. Bxf1 Nf7 22. h3 Nxh6 23. Qxh6 Bxe6 24. dxe6 Qxc3 25.
Qg5 Qf6 26. Qg4 Rf8 27. Be2 Qf2+ 28. Kh1 Rf4 29. Qg5 Rf6 30. Qg4 Qf4 31. Kg1 Qxg4 32.
Bxg4 Kf8 33. Kh2 Ke8 34. Kg3 Kd8 35. Kh4 h6 36. Kg3 Kc7 37. h4 Kb6 38. h5 g5 39.
Bf5 Ka5 40. Kf3 Kb4 41. g4 Kxc4 42. Ke3 Kc3 43. e5 dxe5 44. Ke4 c4 45. Kxe5 Kd2 46. Kd5 c3 47. a4 c2 48. Bxc2 Kxc2 49. a5 Kb3 50. a6 bxa6 51. Kc6 Rxe6+ 52. Kd7 Re1 0-1

[Event "Late-Titled-Tuesday-Blitz-December-26-2023"]
[Site "Chess.com"]
[Date "2023.12.26"]
[Round "2"]
[White "Abduzhaparov"]
[Black "liczner"]
[Result "0-1"]
[WhiteElo "2393"]
[BlackElo "2943"]
[TimeControl "180+1"]
[EndTime "14:17:47 PST"]
[Termination "liczner won on time"]

1. d4 Nf6 2. f3 d5 3. e4 dxe4 4.
Nc3 exf3 5. Nxf3 Bg4 6. h3 Bxf3 7. Qxf3 c6 8. Be3 e6 9. Bd3 Be7 10. O-O O-O 11. Rf2 Nbd7 12. Raf1 Qa5 13. Ne4 Qh5 14. g4 Qa5 15. Bg5 Nd5 16. c4 Bxg5 17. Nxg5 N5f6 18.
Qe3 Rae8 19. Nxf7 Rxf7 20. g5 Rff8 21. gxf6 Nxf6 22. Kh1 e5 23. Qg3 e4 24. Bb1 Qd8 25.
Qe3 Qd6 26. Rg1 g6 27. Rfg2 Rd8 28. Qh6 Rf7 29. d5 Rg7 30. dxc6 Qxc6 31. Qf4 Rf8 0-1

[Event "Late-Titled-Tuesday-Blitz-December-26-2023"]
[Site "Chess.com"]
[Date "2023.12.26"]
[Round "2"]
[White "a-z30"]
[Black "Viktor_Poddubnyi"]
[Result "1-0"]
[WhiteElo "2503"]
[BlackElo "2304"]
[TimeControl "180+1"]
[EndTime "14:17:48 PST"]
[Termination "a-z30 won on time"]

1. c4 g6 2. d4 Bg7 3. Nc3 c5 4. d5 f5 5. Qc2 Nf6 6. g3 O-O 7. Bg2 d6 8. Nh3 h6 9. Nf4 g5 10. Ng6 Rf7 11. h4 g4 12. O-O Na6 13. a3 Nc7 14. b4 b6 15. Nf4 Rb8 16. Bb2 cxb4 17. axb4 a5 18. b5 Bd7 19. Rac1 h5 20. e3 Bh6 21. Nce2 Nce8 22. Rfd1 Ng7 23. Nd4 Qc7 24. Nc6 Re8 25. Bc3 Bxf4 26. exf4 Ne4 27. Bxe4 fxe4 28.
Qxe4 Nf5 29. Re1 e6 30. dxe6 Rxe6 31. Qd3 Rxe1+ 32. Rxe1 Bxc6 33. bxc6 Qxc6 34. Bb2 Qc5 35. Qc3 Kh7 36. Qh8+ Kg6 37. Re6+ 1-0

[Event "Late-Titled-Tuesday-Blitz-December-26-2023"]
[Site "Chess.com"]
[Date "2023.12.26"]
[Round "2"]
[White "protectiago"]
[Black "Rakitic2010"]
[Result "0-1"]
[WhiteElo "2062"]
[BlackElo "2516"]
[TimeControl "180+1"]
[EndTime "14:17:49 PST"]
[Termination "Rakitic2010 won on time"]

1. d4 Nf6 2. c4 c5 3. d5 e6 4. Nc3 exd5 5. cxd5 d6 6. g3 g6 7. Bg2 Bg7 8. Nf3 O-O 9. O-O a6 10. a4 Re8 11. Bf4 Bg4 12. Qb3 Nh5 13. Bg5 Qc8 14. Rfe1 h6 15. Bd2 Bh3 16. Bxh3 Qxh3 17.
Qxb7 Nd7 18. Qc6 Ne5 19. Qxd6 Ng4 20. e4 Be5 21. Qxc5 Rac8 22. Qb6 Rb8 23. Qxa6 Nxg3 24. fxg3 Bxg3 25. Qf1 Bxh2+ 26. Kh1 Nf2+ 27. Qxf2 Bg3+ 28. Qh2 Bxh2 29. Nxh2 Rxb2 30. Rad1 Rxd2 31. Rxd2 Qxc3 32. Red1 Rxe4 33. d6 Re1+ 34. Kg2 Qc6+ 35. Nf3 Re3 36. Rf2 Rxf3 37. Rxf3 Qc2+ 0-1

[Event "Late-Titled-Tuesday-Blitz-December-26-2023"]
[Site "Chess.com"]
[Date "2023.12.26"]
[Round "2"]
[White "Shankland"]
[Black "ozates"]
[Result "1-0"]
[WhiteElo "2957"]
[BlackElo "2604"]
[TimeControl "180+1"]
[EndTime "14:17:50 PST"]
[Termination "Shankland won by resignation"]

1. d4 Nf6 2. c4 e6 3. Nf3 d5 4. Nc3 c6 5. e3 Nbd7 6. Be2 dxc4 7. a4 Bd6 8. Nd2 Bc7 9. Nxc4 O-O 10. b3 e5 11. Ba3 Re8 12. d5 cxd5 13. Nxd5 Nxd5 14. Qxd5 Nf6 15. Qxd8 Rxd8 16. Be7 Re8 17. Bd6 Bxd6 18.
Nxd6 Rd8 19. Nc4 Be6 20. O-O Ne4 21. Rfc1 f6 22. Bf3 Bd5 23. h4 Nc5 24. Na5 Bxf3 25.
Rxc5 b6 26. Rc7 Bd5 27. Nc6 Bxc6 28. Rxc6 Rac8 29. Rac1 Rxc6 30. Rxc6 Rd7 31. b4 Kf7 32. g4 Kg6 33. Kg2 h5 34. g5 Kf5 35. gxf6 gxf6 36. Kf3 Rb7 37. e4+ Kg6 38. Ke3 Rd7 39. a5 bxa5 40.
bxa5 Re7 41. a6 Rd7 42. f4 exf4+ 43. Kxf4 Re7 44. Ke3 Kg7 45. Kd4 Rd7+ 46. Kc5 Re7 47. Kd5 Kg6 48. Re6 Rd7+ 49. Kc6 Rd4 50. Kb7 Kf7 51. Rc6 Rxe4 52. Kxa7 Rxh4 53. Kb7 Ra4 54.
a7 Rxa7+ 55. Kxa7 Kg6 56. Kb6 Kf5 57. Kc5 Ke5 58. Kc4 Ke4 59. Rxf6 1-0

[Event "Late-Titled-Tuesday-Blitz-December-26-2023"]
[Site "Chess.com"]
[Date "2023.12.26"]
[Round "2"]
[White "powermove"]
[Black "topce"]
[Result "0-1"]
[WhiteElo "2028"]
[BlackElo "2414"]
[TimeControl "180+1"]
[EndTime "14:17:50 PST"]
[Termination "topce won on time"]

1. d4 Nf6 2. c4 e6 3. Nf3 c5 4. d5 exd5 5. cxd5 d6 6. Nc3 g6 7. e4 Bg7 8. Bd3 O-O 9. O-O Bg4 10. h3 Bxf3 11. Qxf3 Nbd7 12. Bf4 Ne5 13. Bxe5 dxe5 14. a4 Ne8 15. d6 Nxd6 16. Rfd1 Rc8 17. Bc4 Qb6 18. Nd5 Qd8 19. Rdc1 Kh8 20. a5 f5 21. exf5 gxf5 22. Qb3 e4 23. Nf4 Bd4 24. Ne6 Qh4 25. Nxf8 Qxf2+ 26. Kh1 Rxf8 27. Rc2 Qh4 28. Bd5 Qe7 29.
Rf1 f4 30. Rd2 Be5 31. Qc2 Bd4 32. Qa4 Qe5 33. Qb3 Be3 34. Rdd1 Bd4 35. Rd2 f3 36. gxf3 Qg3 0-1

[Event "Late-Titled-Tuesday-Blitz-December-26-2023"]
[Site "Chess.com"]
[Date "2023.12.26"]
[Round "2"]
[White "AlexanderL"]
[Black "DanylaBagrov"]
[Result "1-0"]
[WhiteElo "2904"]
[BlackElo "2571"]
[TimeControl "180+1"]
[EndTime "14:17:51 PST"]
[Termination "AlexanderL won by checkmate"]

1. Nf3 d6 2. d4 Nf6 3. c4 g6 4. g3 Bg7 5. Bg2 O-O 6. O-O Nbd7 7. Nc3 e5 8. Qc2 exd4 9. Nxd4 a5 10. Rd1 Nc5 11. Bf4 Nfd7 12. Rac1 a4 13. Ndb5 Ne5 14. b3 Ne6 15. Bxe5 axb3 16. axb3 Bxe5 17. Ne4 Bd7 18.
e3 Bc6 19. Nbc3 f5 20. Nd2 Bxg2 21. Kxg2 c6 22. Nf3 Bg7 23. Ne2 Qc7 24. Ned4 Rfe8 25. Nxe6 Rxe6 26. Rd2 Qa5 27. Rcd1 Qb4 28. Ng5 Rf6 29.
e4 fxe4 30. Nxe4 Re6 31. Rxd6 Rxd6 32. Rxd6 Re8 33. Rd7 Qe1 34. f3 b6 35. Rd1 Qe3 36. Qd3 Qxd3 37. Rxd3 b5 38. cxb5 cxb5 39. Rd5 b4 40. Rb5 Bc3 41. Rc5 Bg7 42. Rc4 Rb8 43. f4 Bf8 44. Rc7 Rb6 45. Kf3 Ra6 46. Kg4 h6 47. h4 Bg7 48. h5 gxh5+ 49. Kxh5 Ra3 50. g4 Rxb3 51. Kg6 Rc3 52. Rxg7+ Kf8 53. Nf6 b3 54. Rf7# 1-0

[Event "Late-Titled-Tuesday-Blitz-December-26-2023"]
[Site "Chess.com"]
[Date "2023.12.26"]
[Round "2"]
[White "Iball95"]
[Black "Aguiar94"]
[Result "0-1"]
[WhiteElo "2816"]
[BlackElo "2557"]
[TimeControl "180+1"]
[EndTime "14:17:51 PST"]
[Termination "Aguiar94 won by checkmate"]

1. e4 c5 2. Nf3 e6 3. Nc3 Nc6 4. d4 cxd4 5. Nxd4 Qc7 6. Nxc6 dxc6 7. f4 e5 8. Qf3 Bd6 9. f5 Nf6 10. Bc4 h6 11. O-O b5 12. Bd3 Bb7 13. a3 a6 14.
Be3 c5 15. Nd5 Bxd5 16. exd5 c4 17. Be4 O-O 18. Kh1 Rad8 19. Rad1 c3 20. b4 Qc4 21.
Bd3 Qxd5 22. Qg3 e4 23. Qh4 exd3 24. Bxh6 Qe4 25. Qg5 Qg4 26. Rxd3 Qxg5 27. Bxg5 Be5 28. Rfd1 Rxd3 29. Rxd3 Ne4 30. Be3 Re8 31. g4 Bf6 32.
Kg2 Bg5 33. Bd4 Bd2 34. h4 Rd8 35. Kf3 Nf6 36. Ke2 Nxg4 37. Bxc3 Rxd3 38. Kxd3 Bxc3 39. Kxc3 Ne3 40. f6 gxf6 41. Kd3 Nc4 42. a4 Nb2+ 43. Kd4 Nxa4 44. Kd5 Nc3+ 45. Kc5 f5 46. Kd4 Na2 47. c3 f4 48. h5 Kh7 49. c4 Nxb4 50. c5 f3 51. Ke3 f2 52. Kxf2 Nd3+ 53. Ke3 Nxc5 54. Kd4 Ne6+ 55. Ke5 b4 56. Kf6 b3 57. h6 b2 58. Kf5 b1=Q+ 59. Kf6 Qg6+ 60. Ke5 Kxh6 61. Kd5 Ng7 62. Ke5 Qe6+ 63. Kf4 f5 64. Kf3 Qe4+ 65. Kg3 Qe3+ 66. Kh4 Qf4+ 67. Kh3 Qg4+ 68. Kh2 Nh5 69.
Kh1 Nf4 70. Kh2 Qg2# 0-1

[Event "Late-Titled-Tuesday-Blitz-December-26-2023"]
[Site "Chess.com"]
[Date "2023.12.26"]
[Round "2"]
[White "b_6"]
[Black "tripledes"]
[Result "0-1"]
[WhiteElo "2439"]
[BlackElo "2221"]
[TimeControl "180+1"]
[EndTime "14:17:51 PST"]
[Termination "tripledes won by resignation"]

1. d4 f5 2. Nf3 e6 3. Bf4 Nf6 4. e3 b6 5. Bd3 Bb7 6. O-O Be7 7. h3 O-O 8. c4 d6 9. Nc3 Ne4 10. Bxe4 fxe4 11. Nd2 d5 12. Qb3 Nc6 13. cxd5 Na5 14. Qa4 exd5 15. b4 Nc6 16. b5 Nb4 17. f3 exf3 18.
Nxf3 a6 19. Qb3 axb5 20. Nxb5 Na6 21. Bh2 c6 22. Nc3 c5 23. dxc5 Nxc5 24. Qc2 Bf6 25. Nd4 Qe7 26. Nf5 Qe6 27. Bd6 Bxc3 28. Bxf8 Rxf8 29. Qxc3 Rxf5 30. Rxf5 Qxf5 31. Rf1 Qe4 32. Rf4 d4 33. Rxe4 dxc3 34. Rc4 Ne4 35. Rc7 Bd5 36. Kf1 Bxa2 37. Ke2 Bb1 38. Kd1 Bd3 39.
Kc1 Nc5 40. g4 Nb3+ 41. Kd1 c2+ 0-1

[Event "Late-Titled-Tuesday-Blitz-December-26-2023"]
[Site "Chess.com"]
[Date "2023.12.26"]
[Round "2"]
[White "chenxiaoyuer"]
[Black "maracayo"]
[Result "1-0"]
[WhiteElo "2726"]
[BlackElo "2382"]
[TimeControl "180+1"]
[EndTime "14:17:53 PST"]
[Termination "chenxiaoyuer won by resignation"]

1. e4 d6 2. d4 Nf6 3. Nc3 c6 4. Nf3 Qa5 5. Bd2 e5 6. dxe5 dxe5 7. Bc4 Qc5 8. Qe2 Be7 9. O-O-O b5 10. Bb3 Nbd7 11.
Nh4 g6 12. f4 a5 13. Be3 a4 14. Bxc5 Nxc5 15. fxe5 axb3 16. exf6 bxa2 17. Nxa2 Bxf6 18.
e5 Bxh4 19. Kb1 O-O 20. g3 Be7 21. Nb4 Bb7 22. h4 Ra4 23. c3 Bc8 24. Rhf1 Rxb4 25.
cxb4 Na4 26. Qe4 Be6 27. h5 c5 28. hxg6 hxg6 29. Qc6 cxb4 30. Qxb5 Nc5 31. Qc6 Rc8 32. Qg2 Bb3 33. e6 Nxe6 34. Rc1 Rb8 35. Qe4 Bg5 36. Qe5 Re8 37. Rce1 f6 38.
Qe4 Ng7 39. Qxe8+ Nxe8 40. Rxe8+ Kf7 41. Re2 Bc4 42. Ref2 Bxf1 43. Rxf1 Ke6 44. Kc2 Ke5 45. Kd3 Kd5 46. Ra1 f5 47. Ra5+ Ke6 48. b3 Kf7 49. Rb5 Be7 50. Ke3 Ke6 51. Kf3 g5 52. Rb6+ Bd6 53. Rb5 g4+ 54. Kg2 Be5 55. Rxb4 Bd6 56.
Rc4 Ke5 57. Rc2 Kd5 58. Kf2 Kd4 59. Rd2+ Kc5 60. Rxd6 Kxd6 61. Ke3 Kc5 62. Kf4 1-0

[Event "Late-Titled-Tuesday-Blitz-December-26-2023"]
[Site "Chess.com"]
[Date "2023.12.26"]
[Round "2"]
[White "HanSchut"]
[Black "hangemhigh"]
[Result "1/2-1/2"]
[WhiteElo "2257"]
[BlackElo "2475"]
[TimeControl "180+1"]
[EndTime "14:17:53 PST"]
[Termination "Game drawn by repetition"]

1. e4 d6 2. d4 Nf6 3. Nc3 Nbd7 4. f4 e5 5. Nf3 exd4 6. Nxd4 g6 7. Bd3 Bg7 8. Nf3 O-O 9. O-O Nc5 10. Re1 Bg4 11. h3 Bxf3 12. Qxf3 Nxd3 13. cxd3 c6 14. Bd2 Qb6+ 15. Qf2 Qxb2 16. Rab1 Qc2 17. Rxb7 Qxd3 18. e5 dxe5 19. fxe5 Nd5 20. Nxd5 Qxd5 21. Bb4 Rfb8 22. Rxb8+ Rxb8 23. Bd6 Re8 24. Qxa7 Bf8 25. Bxf8 Kxf8 26. Qc7 Qd2 27. Rf1 Re7 28. Qb8+ Kg7 29. Qd6 Qe3+ 30. Kh1 Qxe5 31. Qxc6 Qe2 32. Qf6+ Kg8 33. a4 Qe5 34.
Qxe5 Rxe5 35. Ra1 Ra5 36. Kg1 f5 37. Kf2 Kf7 38. Ke3 Ke6 39. Kd4 f4 40. Kc4 Kd6 41. Kb4 Rg5 42. Ra2 Kc6 43. a5 Kb7 44. a6+ Ka7 45.
Kc4 Re5 46. Kd4 Re6 47. Kd5 Re7 48. Kd6 Re3 49. Kd5 g5 50. Kd4 h5 51. Ra5 Rg3 52.
Ra2 g4 53. hxg4 Rxg4 54. Ke4 Rh4 55. Kf3 Rg4 56. Ra4 Rg3+ 57. Kf2 Rg4 58. Kf3 Rg3+ 59. Kf2 Rg4 60. Kf3 1/2-1/2

[Event "Late-Titled-Tuesday-Blitz-December-26-2023"]
[Site "Chess.com"]
[Date "2023.12.26"]
[Round "2"]
[White "Fan_Of_Chucky"]
[Black "Jesusesmifuerza"]
[Result "1-0"]
[WhiteElo "2464"]
[BlackElo "2174"]
[TimeControl "180+1"]
[EndTime "14:17:54 PST"]
[Termination "Fan_Of_Chucky won by resignation"]

1. d4 d5 2. c4 c6 3. Nf3 Nf6 4.
g3 e6 5. Bg2 Bd6 6. O-O O-O 7.
Nc3 b6 8. Nd2 Bb7 9. e4 dxe4 10.
Ndxe4 Nxe4 11. Nxe4 Be7 12. Be3 Nd7 13. Qc2 Rc8 14.
Rad1 Nf6 15. a3 Nxe4 16. Bxe4 f5 17. Bg2 Ba8 18. c5 Bf6 19. b4 a5 20. Qb3 b5 21.
Qxe6+ Kh8 22. d5 cxd5 23. Bxd5 Bxd5 24. Rxd5 Qc7 25. Rxf5 axb4 26. axb4 Bc3 27. Bf4 Qb7 28. c6 Qa6 29. Rxf8+ Rxf8 30. Qd6 Rc8 31. c7 Qxd6 32. Bxd6 Kg8 33. Rc1 Bf6 34. Rc5 Kf7 35. Rxb5 Ke6 36.
Rb8 Kd7 37. Rxc8 Kxc8 38. Kg2 Bd4 39. Kf3 Kd7 40. Ke4 Bxf2 41. Kd5 Bb6 42. b5 h6 43. Be5 g6 44. g4 Bg1 45. h3 Bb6 46. Bg3 Ba5 47. Kc5 Bxc7 48. Bxc7 Kxc7 49. Kd5 h5 50. g5 Kb6 51. Ke6 Kxb5 52. Kf6 Kc6 53. Kxg6 Kd7 54. Kxh5 Ke8 55. Kh6 Kf8 56. Kh7 1-0

[Event "Late-Titled-Tuesday-Blitz-December-26-2023"]
[Site "Chess.com"]
[Date "2023.12.26"]
[Round "2"]
[White "DanielNaroditsky"]
[Black "anasta10"]
[Result "1-0"]
[WhiteElo "3113"]
[BlackElo "2625"]
[TimeControl "180+1"]
[EndTime "14:17:55 PST"]
[Termination "DanielNaroditsky won by resignation"]

1. e4 e6 2. d4 d5 3. Nd2 Be7 4. Ngf3 Nf6 5. e5 Nfd7 6. Bd3 c5 7. c3 Nc6 8. O-O f6 9. exf6 Nxf6 10. Re1 cxd4 11.
cxd4 O-O 12. Nf1 h6 13. Ng3 Bd6 14. Bb1 Qc7 15. Qd3 Nb4 16. Qg6 Qf7 17. Qxf7+ Kxf7 18. Bd2 Nc6 19. Bc3 Bd7 20. Bd3 a6 21. a3 Rfc8 22.
Ne5+ Bxe5 23. dxe5 Ng8 24. f4 g6 25. Ne2 Nge7 26. Rac1 Na7 27. Nd4 Nf5 28. Nf3 Bb5 29. Bb1 Ne7 30. g4 Bc4 31. f5 gxf5 32. gxf5 Rg8+ 33.
Kf2 Nxf5 34. Bxf5 exf5 35. e6+ Ke8 36. Rg1 Ke7 37. Rce1 Rxg1 38. Bb4+ Kf6 39. Rxg1 Kxe6 40. Rg6+ Kf7 41. Ne5+ 1-0

[Event "Late-Titled-Tuesday-Blitz-December-26-2023"]
[Site "Chess.com"]
[Date "2023.12.26"]
[Round "2"]
[White "rdarruda"]
[Black "GMKrikor"]
[Result "0-1"]
[WhiteElo "2535"]
[BlackElo "2806"]
[TimeControl "180+1"]
[EndTime "14:17:55 PST"]
[Termination "GMKrikor won on time"]

1. Nf3 d5 2. b3 c5 3. Bb2 f6 4. e3 e5 5. d4 cxd4 6. exd4 e4 7. Nfd2 f5 8. c4 Nf6 9. Nc3 Be6 10. cxd5 Nxd5 11. Bc4 g6 12. O-O Bg7 13. Nxd5 Bxd5 14. f3 e3 15. Qe2 f4 16. Ne4 Nc6 17. Rad1 O-O 18. g3 fxg3 19. hxg3 Kh8 20. Qxe3 Re8 21.
Rfe1 Qd7 22. Kg2 Rad8 23. Qf2 Qf7 24. Ng5 Qg8 25. Rh1 h6 26. Ne4 Qf7 27. Rhe1 Rf8 28. Qe3 Ne7 29. Kf2 Bxc4 30. bxc4 Qxc4 31. Nd2 Qb5 32.
Qxe7 Qxb2 33. Re2 Qxd4+ 34. Kg2 Qd3 35. Rde1 Bc3 36. Rh1 Bxd2 37. Qe5+ Kg8 38. Qe6+ Kg7 39. Qe7+ Rf7 40. Qe5+ Kg8 0-1

[Event "Late-Titled-Tuesday-Blitz-December-26-2023"]
[Site "Chess.com"]
[Date "2023.12.26"]
[Round "2"]
[White "carokannlover213"]
[Black "Rafael_Ventura"]
[Result "1-0"]
[WhiteElo "2677"]
[BlackElo "2367"]
[TimeControl "180+1"]
[EndTime "14:17:55 PST"]
[Termination "carokannlover213 won by resignation"]

1. c4 e5 2. Nc3 Nf6 3. Nf3 Nc6 4. e3 g6 5. d4 exd4 6. exd4 Bg7 7. d5 Ne7 8. Be2 d6 9. O-O O-O 10. Nd4 a6 11. a4 Nf5 12. Bg5 h6 13.
Nxf5 Bxf5 14. Be3 Re8 15. Qd2 Kh7 16. h3 Ne4 17. Nxe4 Bxe4 18. Rfe1 Bf5 19. a5 Qf6 20. Ra3 Qxb2 21. Qxb2 Bxb2 22. Rb3 Bf6 23. Rxb7 Bc3 24. Rc1 Bxa5 25. g4 Bc8 26. Rb3 Rxe3 27. fxe3 Bb6 28. Kg2 a5 29. Ra1 Bd7 30. Bd1 a4 31. Rba3 Bc5 32.
Bxa4 Bxa3 33. Bxd7 Rd8 34. Rxa3 Rxd7 35. Ra7 Re7 36. Kf3 Kg7 37. Kf4 Kf6 38. Rb7 g5+ 39.
Kf3 Kg6 40. Ra7 h5 41. Ra6 h4 42. c5 Rd7 43. Ke4 Kf6 44. Kd4 Ke7 45. Ra7 f6 46. c6 Rd8 47. Rxc7+ Kf8 48. Rh7 Kg8 49. Rd7 Ra8 50. c7 1-0

[Event "Late-Titled-Tuesday-Blitz-December-26-2023"]
[Site "Chess.com"]
[Date "2023.12.26"]
[Round "2"]
[White "gahryman"]
[Black "nitpicker"]
[Result "1-0"]
[WhiteElo "2668"]
[BlackElo "2312"]
[TimeControl "180+1"]
[EndTime "14:17:56 PST"]
[Termination "gahryman won on time"]

1. e4 c5 2. Nc3 a6 3. f4 b5 4. g3 Bb7 5. Bg2 e6 6. d3 d5 7. e5 h5 8. Nf3 Nh6 9. d4 Nf5 10. Ne2 Nc6 11. c3 Rc8 12. Bh3 g6 13. O-O Be7 14.
Bxf5 gxf5 15. h4 Qb6 16. Be3 Kf8 17. Kh2 Kg7 18. dxc5 Bxc5 19. Bxc5 Qxc5 20. Ned4 b4 21. cxb4 Qxb4 22. Rf2 Na5 23. a3 Qb6 24. b3 Ba8 25. Rc2 Rxc2+ 26. Qxc2 Bb7 27. Qf2 Kg6 28. Rc1 Rc8 29.
Rxc8 Bxc8 30. Qc2 Bd7 31. Kg2 Nb7 32. b4 a5 33. Qc3 axb4 34. Qxb4 Qxb4 35. axb4 Kg7 36.
Kf2 Kf8 37. Ne1 Nd8 38. Nd3 Nc6 39. Nxc6 Bxc6 40. Ke3 Bb5 41. Nc5 Ke7 42. Kd4 f6 43.
exf6+ Kxf6 44. Nb3 Bc4 45. Nd2 Bb5 46. Nf3 Ke7 47.
Kc5 Be2 48. Nd4 Bd3 49. b5 Kd7 50. b6 Ba6 51. Nc6 Bb7 52. Ne5+ Ke7 53. Nf3 Kd7 54. Nd4 Ke7 55. Kb5 Kd7 56. Nb3 Kd6 57. Na5 1-0

[Event "Late-Titled-Tuesday-Blitz-December-26-2023"]
[Site "Chess.com"]
[Date "2023.12.26"]
[Round "2"]
[White "JohnWhite1952"]
[Black "ATM622"]
[Result "0-1"]
[WhiteElo "1991"]
[BlackElo "2405"]
[TimeControl "180+1"]
[EndTime "14:17:56 PST"]
[Termination "ATM622 won on time"]

1. e4 c6 2. d4 d5 3. Nc3 dxe4 4. Nxe4 Bf5 5. Ng3 Bg6 6. Nf3 Nd7 7. Bd3 Bxd3 8.
Qxd3 Ngf6 9. O-O e6 10. Re1 Be7 11. Bd2 O-O 12. c4 Rc8 13. Bc3 c5 14. d5 exd5 15. cxd5 Nb6 16. Rad1 Nfxd5 17. Nf5 Bf6 18. Bxf6 Qxf6 19.
b3 Rfd8 20. Qc2 g6 21. Nh6+ Kg7 22. Ng4 Qc3 23. Qe4 f5 24. Qe5+ Qxe5 25. Ngxe5 Nc3 26. Rxd8 Rxd8 27. Ng5 Rd2 28. a4 Ne2+ 29. Kh1 Nd4 30. Kg1 Nd5 31. Nef7 h6 32. Ne6+ Nxe6 33. f4 Kxf7 34.
h3 Ndxf4 35. Kh2 Rxg2+ 36. Kh1 Rg3 37. Kh2 Rxh3+ 38. Kg1 Ng5 39. Re3 Rxe3 40. Kf2 Re2+ 41. Kg3 Nge6 42. b4 c4 0-1

[Event "Late-Titled-Tuesday-Blitz-December-26-2023"]
[Site "Chess.com"]
[Date "2023.12.26"]
[Round "2"]
[White "Aariow"]
[Black "HajiyevKanan"]
[Result "0-1"]
[WhiteElo "2469"]
[BlackElo "2636"]
[TimeControl "180+1"]
[EndTime "14:17:57 PST"]
[Termination "HajiyevKanan won by resignation"]

1. Nf3 Nf6 2. b3 g6 3. Bb2 Bg7 4. e3 O-O 5. Be2 b6 6. O-O Bb7 7.
d4 e6 8. c4 d5 9. Nc3 c5 10. cxd5 Nxd5 11. Rc1 cxd4 12. Nxd4 Nc6 13. Nxd5 Nxd4 14. Bxd4 Qxd5 15. Bf3 Qd7 16. Bxg7 Qxd1 17.
Rfxd1 Bxf3 18. Bxf8 Bxd1 19. Bh6 Bh5 20. f3 f5 21. h3 g5 22. Bxg5 Kf7 23. Rc7+ Kg8 24. Bf6 Bf7 25. Kh2 a5 26. Rb7 a4 27.
bxa4 h6 28. Rxb6 Rxa4 29. Rb2 Kh7 30. Kg3 Kg6 31. Be5 Ra5 32. f4 Kh5 33. Kf3 Ra3 34.
Rb7 Kg6 35. h4 h5 36. Rc7 Rxa2 37. Rb7 Ra4 38. Rc7 Rb4 39. Re7 Ra4 40. Rc7 Rb4 41.
Re7 Rb1 42. Rc7 Rf1+ 43. Ke2 Rh1 44. Kf3 Rxh4 45. Rc1 Rg4 46. Rh1 Be8 47. g3 Bc6+ 48. Kf2 Bxh1 49. Bc3 Be4 50. Be1 h4 51. gxh4 Rxh4 52.
Ke2 Rh2+ 0-1

[Event "Late-Titled-Tuesday-Blitz-December-26-2023"]
[Site "Chess.com"]
[Date "2023.12.26"]
[Round "2"]
[White "koncheto"]
[Black "AradNazari"]
[Result "1-0"]
[WhiteElo "2528"]
[BlackElo "2701"]
[TimeControl "180+1"]
[EndTime "14:17:58 PST"]
[Termination "koncheto won by resignation"]

1. e4 c5 2. Nf3 d6 3. d4 cxd4 4.
Nxd4 Nf6 5. f3 a6 6. c4 g6 7. Nc3 Bg7 8. Be3 O-O 9. Be2 Nc6 10. O-O Be6 11. Nc2 Rc8 12. Qd2 Nd7 13. Rac1 Na5 14. b3 b5 15. Nd4 bxc4 16. Nxe6 fxe6 17. Na4 Rc6 18. b4 c3 19. Nxc3 Nc4 20.
Bxc4 Rxc4 21. Na4 Qc7 22. Nb2 Rc3 23. Na4 Rc4 24. Nb2 Bxb2 25. Qxb2 Rc8 26. Rxc4 Qxc4 27. Rc1 Qxc1+ 28. Bxc1 Ne5 29. Be3 Kf7 30. h3 Ke8 31. a4 Nc4 32. Qc3 Kd7 33. b5 a5 34. b6 Nxb6 35.
Qxa5 Nc4 36. Qa7+ Rc7 37. Qd4 e5 38. Qd3 Rc6 39. Kh2 e6 40. Qb3 d5 41. Qb7+ Kd6 42. Bg5 Rc7 43. Qb4+ Kd7 44. Qe7+ Kc8 45. Qxe6+ Kb7 46. Qxd5+ Ka6 47. Bd8 Rc8 48. Qb5+ Ka7 49. Be7 1-0

[Event "Late-Titled-Tuesday-Blitz-December-26-2023"]
[Site "Chess.com"]
[Date "2023.12.26"]
[Round "2"]
[White "German_Bazeev"]
[Black "NCchamp"]
[Result "1-0"]
[WhiteElo "2854"]
[BlackElo "2343"]
[TimeControl "180+1"]
[EndTime "14:17:58 PST"]
[Termination "German_Bazeev won by resignation"]

1. d4 d5 2. Nf3 Nf6 3. c4 dxc4 4. e3 a6 5. Bxc4 Bg4 6. Be2 e6 7. h3 Bh5 8. Nbd2 Nbd7 9. O-O c5 10.
b3 cxd4 11. Nxd4 Bxe2 12. Qxe2 Be7 13. Bb2 O-O 14. Nc4 b5 15. Nc6 Qe8 16. Nxe7+ Qxe7 17. Ba3 b4 18. Bb2 Nc5 19. Rac1 Rab8 20. Rfd1 Rfc8 21. Be5 Nd5 22. Bxb8 Rxb8 23. Ne5 Qc7 24. Nxf7 Kxf7 25.
Qh5+ Kg8 26. Rxd5 exd5 27. Qxd5+ Kh8 28. Qxc5 Qb7 29. Qc7 h6 30. Qxb7 Rxb7 31. Rc6 a5 32. Ra6 Rb5 33. g4 Kh7 34. Kg2 Rd5 35. h4 Rc5 36. h5 Re5 37. Ra7 Rc5 38. Kg3 Rb5 39. f4 Rc5 40. f5 Kg8 41. e4 Rc2 42. Rxa5 Rc3+ 43. Kf4 Rc2 44. Ra8+ Kh7 45. Ra7 Kg8 46. e5 Rf2+ 47. Kg3 Re2 48. e6 Re3+ 49. Kf4 Re1 50. Ra4 Re4+ 51. Kxe4 1-0